 Dungeon Crawl Stone Soup version 0.20-a0-449-g96be121 (webtiles) character file.

65106 Stral the Severer (level 14, -5/198 HPs)
             Began as a Minotaur Berserker on Jan 6, 2017.
             Was a High Priest of Trog.
             Slain by a death yak (15 damage)
             ... on level 6 of the Lair of Beasts on Jan 7, 2017.
             The game lasted 01:07:34 (19920 turns).

Stral the Severer (Minotaur Berserker)             Turns: 19920, Time: 01:07:35

Health: -5/198     AC: 22    Str: 30    XL:     14   Next: 74%
Magic:  4/4        EV: 14    Int:  4    God:    Trog [*****.]
Gold:   1368       SH:  0    Dex: 12    Spells: 13/13 levels left

rFire  + . .     SeeInvis .     a - +2 battleaxe (antimagic)
rCold  . . .     Gourm    .     y - +0 plate armour {rF+}
rNeg   . . .     Faith    +     (shield currently unavailable)
rPois  .         Spirit   .     (helmet restricted)
rElec  .         Reflect  .     B - +1 cloak
rCorr  +         Harm     .     I - +0 pair of gloves
MR     +++..                    b - +0 pair of boots
Stlth  ..........               O - amulet of faith
                                (no ring)
                                t - ring of resist corrosion

@: berserking (expiring), regenerating, very quick
A: retaliatory headbutt, horns 2
a: Berserk, Trog's Hand, Brothers in Arms, Burn Spellbooks, Renounce Religion


You were on level 6 of the Lair of Beasts.
You worshipped Trog.
Trog was extremely pleased with you.
You were near starving.

You visited 2 branches of the dungeon, and saw 21 of its levels.

You collected 1368 gold pieces.

Inventory:

Hand Weapons
 a - a +2 antimagic battleaxe (weapon)
Armour
 b - a +0 pair of boots (worn)
 y - a +0 plate armour of fire resistance (worn)
 B - a +1 cloak (worn)
 I - a +0 pair of gloves (worn)
 X - a +3 plate armour
Jewellery
 n - an uncursed amulet of the gourmand
 t - a ring of resist corrosion (left hand)
 O - an amulet of faith (around neck)
Wands
 d - a wand of flame (19/48)
 A - a wand of digging (11/24)
 C - a wand of digging (7/24)
 H - a wand of iceblast (10/15)
Scrolls
 e - 6 scrolls of magic mapping
 f - 11 scrolls of identify
 h - 13 scrolls of teleportation
 j - 5 scrolls of remove curse
 m - a scroll of enchant weapon {unknown}
 o - 2 scrolls of noise {unknown}
 r - 2 scrolls of immolation {unknown}
 M - 4 scrolls of random uselessness {unknown}
 N - a scroll of brand weapon {unknown}
 R - 2 scrolls of holy word {unknown}
 T - 3 scrolls of enchant armour {unknown}
 Y - 3 scrolls of amnesia {unknown}
Potions
 g - a potion of heal wounds
 k - 7 potions of brilliance {unknown}
 l - 3 potions of resistance {unknown}
 p - 5 potions of flight
 s - 4 potions of agility
 u - 4 potions of mutation {unknown}
 v - 4 potions of might {unknown}
 w - a potion of berserk rage {unknown}
 x - 4 potions of haste {unknown}
 z - a potion of lignification {unknown}
 F - 5 potions of degeneration {unknown}
 G - 2 potions of ambrosia {unknown}
 J - 3 potions of cancellation {unknown}
 K - 3 potions of magic {unknown}
 P - a potion of cure mutation {unknown}
 Q - a potion of invisibility {unknown}
 S - 6 potions of curing {unknown}
Comestibles
 c - 6 bread rations
 i - 11 meat rations
 q - 9 royal jellies
 D - 11 chunks of flesh
 E - 8 beef jerkies
 L - 22 fruits


   Skills:
 + Level 14.1 Fighting
 * Level 18.6 Axes
 + Level 14.0 Armour
 + Level 13.1 Dodging


You had 13 spell levels left.
You didn't know any spells.

Dungeon Overview and Level Annotations

Branches:
Dungeon (15/15)            Temple (0/1) D:6            Lair (6/6) D:9
  Snake (0/4) Lair:4          Orc (0/2) D:9          Vaults (0/5) D:14
 Depths (0/5) D:15
  Swamp: Lair:2-4    Shoals: Lair:2-4     Slime: Lair:5-6

Altars:
Gozag
Trog
The Shining One

Shops:
D:5 %   D:7 *   D:10 =

Annotations:
Lair:1 exclusion: oklob plant


Innate Abilities, Weirdness & Mutations

You reflexively headbutt those who attack you in melee.
You have a pair of horns on your head.


Message History

The death yak gores you!
* * * LOW HITPOINT WARNING * * *
You are too berserk!
You slash the death yak!
The death yak is moderately wounded.
You slice the death yak!! You hit the death yak.
The death yak is moderately wounded.
You barely miss the death yak. You hit the death yak.
The death yak gores you but does no damage. x2
You slice the death yak!! You headbutt the death yak!!
The death yak is almost dead.
You slice the death yak!! You hit the death yak. The death yak misses you.
You hit the death yak. You headbutt the death yak.
The death yak is almost dead.
You hit the death yak. You slice the death yak!!
You feel the effects of Trog's Hand fading.
You hear a loud, deep croak!
The death yak gores you!
You die...

P≈.. .... ##.... ≈≈≈≈...
≈≈≈≈........ ..
#≈#.≈....#.###.#...h.
####≈.#≈..F#Y##.#....)..
≈≈≈≈≈≈≈≈....#Y@†$.......
≈≈≈≈≈≈......YY.........
≈≈##≈≈.#≈.......#.#....#.
#≈≈#.≈≈.#.......#.........
.≈..≈P..÷.÷..###..........
..............##..........
..........................
.....P.P#.................
......P)#.................


You could see 4 death yaks.

Vanquished Creatures
  A sphinx (D:15)
  Kirke (D:13)
  A spark wasp (shapeshifter) (D:15)
  Snorg (D:10)
  A yaktaur captain (D:15)
  6 hydras
  4 two-headed ogres
  The ghost of PurpleRed the Destroyer, a journeyman TeAE of Vehumet (D:10)
  2 centaur warriors (D:15)
  The ghost of RexxRaptorr the Martial Artist, a journeyman OpTm of Makhleb (D:11)
  6 death yaks (Lair:6)
  The ghost of AlphabetPasta the Frost Mage, a novice HuIE of Vehumet (D:7)
  3 skeletal warriors (D:15)
  2 unseen horrors
  A sea snake (Lair:6)
  Pikel (D:4)
  An orc knight (D:15)
  2 deep elf magi (D:15)
  An orc sorcerer (D:15)
  7 ugly things
  3 cyclopes
  A salamander (shapeshifter) (D:14)
  4 elephants (Lair:4)
  2 centaur zombies (D:14)
  4 black mambas
  Maurice (D:14)
  A gargoyle (D:10)
  Psyche (D:11)
  3 rime drakes
  A komodo dragon (shapeshifter) (D:15)
  7 spiny frogs
  7 komodo dragons
  A kobold demonologist (D:13)
  A yaktaur (D:15)
  A tengu conjurer (D:15)
  An efreet (D:14)
  The ghost of sacra the Chopper, an amateur DDFi of Cheibriados (D:4)
  7 trolls
  2 hornets
  A tyrant leech (shapeshifter) (D:14)
  3 polar bears
  A wind drake (Lair:6)
  4 blink frogs (Lair:4)
  14 dream sheep
  8 hippogriffs
  Sigmund (D:3)
  2 shadows
  7 wyverns
  20 yaks
  A tarantella (shapeshifter) (D:15)
  A wraith (D:14)
  5 hogs (D:13)
  A hog (shapeshifter) (D:14)
  A hungry ghost (D:10)
  12 vampire mosquitoes
  9 porcupines
  15 water moccasins
  2 soldier ants
  3 ice beasts
  A black bear (D:10)
  Purgy (D:4)
  6 orc warriors
  2 necrophages
  A phantom (D:13)
  7 sky beasts
  An eye of draining (D:15)
  4 ogres
  3 centaurs
  9 crocodiles
  Blork the orc (D:4)
  11 bullfrogs
  A water moccasin zombie (D:6)
  9 scorpions
  10 killer bees
  7 wights
  2 electric eels (Lair:4)
  5 howler monkeys
  8 crimson imps
  2 bullfrog zombies (D:11)
  3 jellies
  8 orc priests
  5 hounds
  9 orc wizards
  7 centaur skeletons
  Ijyb (D:3)
  2 bullfrog skeletons
  5 iguanas
  Natasha (twice) (D:2)
  11 worker ants
  2 killer bee zombies
  2 hound skeletons
  2 howler monkey skeletons
  3 gnolls (D:4)
  23 adders
  2 shadow imps
  An ooze (D:2)
  2 adder skeletons
  An adder zombie (D:6)
  4 worms
  6 leopard geckos
  38 orcs
  9 bats
  5 giant cockroaches
  4 goblins
  7 hobgoblins
  11 jackals
  8 kobolds
  4 quokkas
  A ball python (D:5)
  4 frilled lizards
  11 rats
  A bush (Lair:5)
  A butterfly (Lair:4)
  5 fungi
  3 plants
508 creatures vanquished.

Vanquished Creatures (collateral kills)
  A torpor snail (Lair:6)
  A dream sheep (Lair:6)
2 creatures vanquished.

Vanquished Creatures (others)
  An ogre (D:4)
  A hound skeleton (D:4)
  8 fungi
  5 plants
15 creatures vanquished.

Grand Total: 525 creatures vanquished

Notes
Turn   | Place    | Note
-------+----------+-------------------------------------------
     0 | D:1      | Stral the Minotaur Berserker began the quest for the Orb.
     0 | D:1      | Reached XP level 1. HP: 19/19 MP: 0/0
    82 | D:1      | Reached XP level 2. HP: 27/27 MP: 1/1
   381 | D:1      | You fall through a shaft!
   382 | D:2      | Noticed Natasha
   752 | D:2      | Reached XP level 3. HP: 33/33 MP: 2/2
   839 | D:2      | Found an opulent altar of Gozag.
  1036 | D:2      | Killed Natasha
  1036 | D:2      | Reached skill level 4 in Axes
  1044 | D:2      | Reached XP level 4. HP: 31/40 MP: 3/3
  1178 | D:2      | Noticed Natasha
  1180 | D:2      | Killed Natasha
  1241 | D:2      | Reached ** piety under Trog
  1672 | D:3      | Noticed Sigmund
  1692 | D:3      | Killed Sigmund
  1692 | D:3      | Reached skill level 5 in Fighting
  1692 | D:3      | Reached skill level 5 in Axes
  1692 | D:3      | Reached XP level 5. HP: 45/48 MP: 4/4
  1692 | D:3      | Reached XP level 6. HP: 52/56 MP: 5/5
  1877 | D:3      | Noticed Ijyb
  1883 | D:3      | Killed Ijyb
  2215 | D:4      | Noticed Purgy
  2221 | D:4      | Killed Purgy
  2221 | D:4      | Reached skill level 5 in Armour
  2236 | D:4      | Reached XP level 7. HP: 54/61 MP: 6/6
  2372 | D:4      | Reached *** piety under Trog
  2379 | D:4      | Reached skill level 6 in Axes
  2397 | D:4      | Noticed sacra's ghost (amateur DDFi)
  2408 | D:4      | Killed sacra's ghost
  2540 | D:4      | Noticed Blork the orc
  2545 | D:4      | Killed Blork the orc
  2661 | D:4      | Noticed a hippogriff
  2665 | D:4      | Reached skill level 7 in Axes
  2665 | D:4      | Reached skill level 5 in Dodging
  2669 | D:4      | Killed a hippogriff
  2669 | D:4      | Reached XP level 8. HP: 45/71 MP: 7/7
  3127 | D:4      | Noticed Pikel
  3138 | D:4      | Killed Pikel
  3138 | D:4      | Reached skill level 8 in Axes
  3589 | D:4      | Received a gift from Trog
  3755 | D:5      | Entered Level 5 of the Dungeon
  3806 | D:5      | Reached skill level 9 in Axes
  3807 | D:5      | Reached XP level 9. HP: 79/79 MP: 8/8
  3853 | D:5      | Found Zatota's Food Boutique.
  5079 | D:6      | Found a staircase to the Ecumenical Temple.
  5319 | D:7      | Noticed AlphabetPasta's ghost (novice HuIE)
  5334 | D:7      | Killed AlphabetPasta's ghost
  5334 | D:7      | Reached skill level 10 in Axes
  5666 | D:7      | Reached **** piety under Trog
  6069 | D:7      | Found a glowing golden altar of the Shining One.
  6069 | D:7      | Found Ruconag's Hallowed Reliquary.
  6069 | D:7      | Noticed an angel
  6085 | D:7      | Upgraded the game from 0.20-a0-443-g0464b71 to 0.20-a0-444-g03c7170
  6509 | D:7      | Reached XP level 10. HP: 90/90 MP: 9/9
  6533 | D:7      | Upgraded the game from 0.20-a0-444-g03c7170 to 0.20-a0-445-gc6cb2a6
  6547 | D:8      | Reached skill level 11 in Axes
  7543 | D:9      | Found a staircase to the Orcish Mines.
  7722 | D:9      | Found a staircase to the Lair.
  7747 | D:9      | Noticed a cyclops
  7778 | D:9      | Killed a cyclops
  8434 | D:10     | Entered Level 10 of the Dungeon
  8434 | D:10     | Noticed Snorg
  8441 | D:10     | Killed Snorg
  8441 | D:10     | Reached skill level 12 in Axes
  8694 | D:10     | Noticed a gargoyle
  8706 | D:10     | Killed a gargoyle
  8828 | D:10     | Noticed PurpleRed's ghost (journeyman TeAE)
  8841 | D:10     | Killed PurpleRed's ghost
  8841 | D:10     | Reached skill level 10 in Fighting
  8841 | D:10     | Reached XP level 11. HP: 99/99 MP: 10/10
  8934 | D:10     | Found Ureodiac's Jewellery Shoppe.
  9177 | D:10     | Reached skill level 13 in Axes
  9769 | D:11     | Killed an unseen horror
  9769 | D:11     | Reached skill level 10 in Armour
  9932 | D:11     | Noticed Psyche
  9947 | D:11     | Killed Psyche
 10161 | D:11     | Noticed RexxRaptorr's ghost (journeyman OpTm)
 10175 | D:11     | Killed RexxRaptorr's ghost
 10317 | D:11     | Noticed a two-headed ogre
 10328 | D:11     | Killed a two-headed ogre
 10579 | D:11     | Reached skill level 10 in Dodging
 10659 | D:12     | Noticed a two-headed ogre
 10666 | D:11     | Killed a two-headed ogre
 10666 | D:11     | Reached skill level 14 in Axes
 11134 | D:12     | Reached XP level 12. HP: 100/109 MP: 11/11
 11679 | D:13     | Noticed Kirke
 11792 | D:13     | Killed Kirke
 12485 | D:14     | Noticed Maurice
 12512 | D:14     | Reached skill level 15 in Axes
 12519 | D:14     | Noticed a queen ant
 12531 | D:14     | Reached ***** piety under Trog
 12535 | D:14     | Noticed a fire dragon
 12535 | D:14     | a queen ant changed into a fire dragon
 12542 | D:14     | a fire dragon changed into a tyrant leech
 12829 | D:14     | Killed Maurice
 12829 | D:14     | Received a gift from Trog
 12871 | D:14     | Found a gate to the Vaults.
 13262 | D:14     | Got a crystal great sword
 13619 | D:14     | Noticed a two-headed ogre
 13624 | D:14     | Killed a two-headed ogre
 13715 | D:15     | Entered Level 15 of the Dungeon
 13755 | D:15     | Reached XP level 13. HP: 106/118 MP: 12/12
 13813 | D:15     | Noticed a sphinx
 13823 | D:15     | Killed a sphinx
 13823 | D:15     | Reached skill level 16 in Axes
 14862 | D:15     | Reached skill level 17 in Axes
 14902 | D:15     | Paralysed by a great orb of eyes for 5 turns
 14908 | D:15     | Found a staircase to the Depths.
 14916 | D:15     | Noticed a spark wasp
 14916 | D:15     | a great orb of eyes changed into a spark wasp
 14927 | D:15     | Killed a spark wasp
 15381 | Lair:1   | Entered Level 1 of the Lair of Beasts
 15397 | Lair:1   | Found a bloodstained altar of Trog.
 15627 | Lair:1   | Got a twisted broad axe
 15630 | Lair:1   | Identified the +1 broad axe "Spider's Regret" {freeze, rN+} (You found it on level 1 of the Lair of Beasts)
 15726 | Lair:1   | Received a gift from Trog
 16846 | Lair:2   | Reached XP level 14. HP: 109/129 MP: 13/13
 17438 | Lair:2   | Upgraded the game from 0.20-a0-445-gc6cb2a6 to 0.20-a0-449-g96be121
 17470 | Lair:3   | You fall through a shaft for 2 floors!
 17729 | Lair:4   | Received a gift from Trog
 17874 | Lair:4   | Found a staircase to the Snake Pit.
 18901 | Lair:5   | Reached skill level 18 in Axes
 19286 | Lair:6   | Entered Level 6 of the Lair of Beasts
 19916 | Lair:6   | HP: 7/198 [death yak (15)]
 19920 | Lair:6   | Slain by a death yak

Vault maps used:
D:1:      evilmike_arrival_run_for_it, kennysheep_boxes
D:2:      first_bread, minmay_misc_feat_chi, nicolae_gozag_seed_capital,
          uniq_natasha
D:3:      serial_bayou_pond_c, uniq_iyjb, uniq_sigmund
D:4:      old_forge, nemelex_dance_club_becter, uniq_blork_the_orc, uniq_purgy,
          uniq_pikel
D:5:      serial_shops, shop, nicolae_sextant, minmay_small_thing
D:7:      nicolae_good_shop
D:9:      dpeg_oklobed_lair, hangedman_pestilent_swarm
D:10:     serial_shops, kennysheep_mini_moat, hangedman_decor_points, uniq_snorg
D:11:     uniq_maurice, uniq_psyche
D:13:     uniq_kirke
D:14:     david_vaults_2, nicolae_twisting_strands, kennysheep_generic_room_3
D:15:     grunt_enter_depths_snipers
Lair:1:   basic_altar, grunt_megastairs_1, minmay_lair_oklob_chamber,
          lemuel_fruit_fields
Lair:2:   minmay_guarded_unrand_snakebite, lemuel_fruit_tree
Lair:3:   minmay_shoals_entry_hut
Lair:4:   dummy_snake_entry, minivault_23, serial_bayou_pond_e,
          cheibrodos_lair_caveside_slide, serial_bayou_lake_a,
          lemuel_fruit_fields
Lair:6:   gammafunk_lair_ancient_temple, minmay_slime_entry_pillars,
          minivault_19

Skill      XL: |  1  2  3  4  5  6  7  8  9 10 11 12 13 14 |
---------------+-------------------------------------------+-----
Armour         | 3 4 5 7 8 9 10 11 13 14 | 14.0
Fighting       | 4 5 6 7 8 10 11 12 13 14 | 14.1
Axes           | 4 5 7 9 10 12 14 15 17 18 | 18.6
Dodging        | 3 4 5 6 7 9 10 11 12 13 | 13.1

Action                   |  1- 3 |  4- 6 |  7- 9 | 10-12 | 13-15 || total
-------------------------+-------+-------+-------+-------+-------++-------
Melee: Hand axe          |    46 |    76 |       |       |       ||   122
       Headbutt          |     6 |    26 |    47 |   140 |   171 ||   390
       War axe           |       |    42 |   225 |   692 |   161 ||  1120
       Broad axe         |       |       |       |       |   186 ||   186
       Battleaxe         |       |       |       |       |   250 ||   250
Invok: Berserk           |     2 |     4 |     8 |    12 |     8 ||    34
       Trog's Hand       |       |     2 |     3 |     5 |     8 ||    18
       Burn Spellbooks   |       |     1 |       |     1 |     1 ||     3
       Brothers in Arms  |       |       |       |       |     1 ||     1
  Use: Potion            |     1 |       |       |     3 |     2 ||     6
       Scroll            |       |     1 |     3 |     1 |       ||     5
 Stab: Sleeping          |       |     1 |       |       |       ||     1
  Eat: Chunk             |     2 |    22 |    23 |    27 |    28 ||   102
       Fruit             |       |       |       |     2 |     2 ||     4
       Bread ration      |       |       |       |     1 |       ||     1
       Beef jerky        |       |       |       |     1 |       ||     1
Armor: Animal skin       |     5 |     8 |       |       |       ||    13
       Ring mail         |       |    19 |    21 |       |       ||    40
       Scale mail        |       |       |    28 |     1 |       ||    29
       Plate armour      |       |       |       |   389 |   263 ||   652
Dodge: Dodged            |    26 |    56 |   145 |   307 |   276 ||   810
